AoeStats
← Worst of All

Nomad

508269071Analyzed
4v4 RM · 10d ago on Sep 21, 2026· 47m 58s· 8 players
Game mode
Random Map
Map size
231×231
Population
200
Speed
Normal
Resources
Standard
Victory
Conquest
Starting age
Dark Age
Ending age
Imperial Age
RankedLock teamsTeams togetherTeam positionsShared explorationLock speedFull tech treeHidden civsTurbo modeCheats
Victory
Defeat
🇳🇱 Teutons · Netherlands
1175
+13
🇺🇸 Berbers · United States
1155
+13
1132
+14
1081
+16
🇩🇪 Dravidians · Germany
1143
-15
🇩🇪 Wei · Germany
1088
-14
🇩🇪 Goths · Germany
1082
-14
🇩🇪 Portuguese · Germany
1070
-13
Delision4979
4:56 Loom
12:07 Loom
14:20 Feudal Age
15:21 Fishing Lines
18:17 Castle Age
16:02 Fishing Lines
17:24 Double-Bit Axe
19:14 Wheelbarrow
20:46 Bow Saw
21:19 Hand Cart
22:12 Gillnets
22:36 Horse Collar
23:24 Medium Warships
25:01 Town Watch
26:26 Heavy Plow
28:00 Stone Mining
28:00 Gold Mining
28:40 Fletching
31:52 Imperial Age
29:33 Bodkin Arrow
30:26 Thumb Ring
30:44 Kasbah
30:48 Padded Archer Armor
31:09 Ballistics
30:34 Treadmill Crane
31:44 Gold Shaft Mining
31:13 Husbandry
31:23 Bloodlines
32:05 Elite Camel Archer
32:53 Bracer
33:58 Chemistry
33:20 Leather Archer Armor
34:55 Conscription
36:21 Ring Archer Armor
37:53 Forging
37:48 Scale Barding Armor
37:05 Light Cavalry
38:56 Maghrebi Camels
40:02 Iron Casting
39:47 Chain Barding Armor
38:49 Hussar
40:08 Crop Rotation
42:13 Blast Furnace
41:15 Town Patrol
43:28 Murder Holes
43:03 Cavalier
44:04 Masonry
46:30 Plate Barding Armor
taisho84
14:07 Feudal Age
14:43 Double-Bit Axe
14:53 Loom
15:55 Horse Collar
21:51 Castle Age
23:59 Bow Saw
23:50 Heavy Plow
28:36 Fletching
34:30 Imperial Age
32:11 Bodkin Arrow
32:00 Pikeman
34:21 Wheelbarrow
35:46 Crenellations
36:05 Scale Mail Armor
36:15 Forging
37:11 Two-Man Saw
36:42 Crop Rotation
35:51 Halberdier
37:49 Ballistics
38:30 Chemistry
38:10 Squires
39:05 Iron Casting
41:20 Chain Mail Armor
41:31 Masonry
42:13 Conscription
44:09 Hoardings
46:18 Siege Engineers
45:59 Arrowslits
46:17 Padded Archer Armor
47:12 Arson
follow the white rabbit Δ
14:31 Loom
17:24 Feudal Age
17:46 Fishing Lines
18:59 Wheelbarrow
20:02 Stone Mining
20:05 Gold Mining
22:21 Castle Age
23:31 Hand Cart
24:30 Medium Warships
25:30 Town Watch
27:15 Gold Shaft Mining
29:44 Fletching
29:55 Padded Archer Armor
31:08 Manipur Cavalry
31:42 Ballistics
34:07 Gillnets
35:26 Horse Collar
37:55 Medium Warships
41:29 Imperial Age
40:53 Town Patrol
42:12 Bodkin Arrow
44:41 Conscription
美团外卖总教练
9:30 Loom
19:08 Feudal Age
19:11 Man-at-Arms
21:10 Wheelbarrow
20:27 Double-Bit Axe
21:00 Scale Mail Armor
25:56 Forging
33:10 Castle Age
39:00 Bow Saw
40:51 Caravan
45:39 Hand Cart
49:37 Imperial Age
Tekz4987
4:51 Loom
14:30 Feudal Age
18:15 Castle Age
16:47 Double-Bit Axe
16:54 Gold Mining
20:30 Bow Saw
24:19 Wheelbarrow
25:04 Hand Cart
26:22 Horse Collar
30:06 Heavy Plow
36:40 Imperial Age
34:35 Ballistics
33:56 Treadmill Crane
35:39 Padded Archer Armor
35:30 Fletching
35:19 Elite Skirmisher
38:32 Chemistry
Sir Loser
5:29 Loom
14:04 Feudal Age
19:24 Castle Age
18:25 Gold Mining
20:52 Forging
20:40 Double-Bit Axe
21:49 Wheelbarrow
22:35 Scale Barding Armor
25:04 Hand Cart
25:16 Bow Saw
25:06 Stone Mining
26:20 Chain Barding Armor
26:36 Iron Casting
29:05 Bloodlines
28:57 Husbandry
40:35 Padded Archer Armor
40:25 Fletching
41:13 Elite Skirmisher
43:14 Ballistics
46:41 Leather Archer Armor
Worst of All
3:47 Loom
14:42 Feudal Age
15:13 Double-Bit Axe
20:57 Castle Age
20:31 Horse Collar
20:44 Stone Mining
20:45 Gold Mining
21:51 Bow Saw
21:42 Heavy Plow
21:39 Man-at-Arms
24:59 Wheelbarrow
24:10 Town Watch
25:26 Scale Mail Armor
27:03 Fishing Lines
28:26 Long Swordsman
31:26 Squires
32:14 Hand Cart
33:51 Stone Shaft Mining
33:02 Pikeman
36:52 Imperial Age
34:54 Ballistics
34:58 Murder Holes
36:37 Anarchy
37:39 Caravan
38:05 Conscription
39:10 Town Patrol
40:16 Two-Man Saw
39:47 Crop Rotation
41:33 Shipwright
40:37 Elite Huskarl
41:18 Perfusion
41:38 Forging
43:41 Chain Mail Armor
45:48 Iron Casting
46:43 Halberdier
Fette Sau Gerhard
4:49 Loom
13:34 Feudal Age
16:38 Double-Bit Axe
19:14 Fletching
23:24 Castle Age
22:18 Gold Mining
22:40 Fishing Lines
24:01 Bodkin Arrow
26:59 Thumb Ring
26:56 Padded Archer Armor
28:33 Horse Collar
29:15 Heavy Plow
29:53 Bow Saw
32:28 Leather Archer Armor
32:40 Ballistics
34:52 Husbandry
37:06 Wheelbarrow
38:26 Hand Cart
40:56 Imperial Age
42:48 Imperial Age
44:59 Bracer
Connection lost

Rejoining the realm…

Still unreachable

The connection could not be restored.

Session expired

The server has moved on; the page needs a fresh start.